 Dungeon Crawl Stone Soup version 0.20-a0-947-g2784f4f (webtiles) character file.

1292 tarabluh the Conjurer (level 8, -3/41 HPs)
             Began as a Deep Elf Fire Elementalist on Apr 3, 2017.
             Blown up by Ijyb (22 damage)
             ... with a wand of disintegration (?/24)
             ... on level 5 of the Dungeon.
             The game lasted 00:13:28 (5824 turns).

tarabluh the Conjurer (Deep Elf Fire Elementalist)  Turns: 5824, Time: 00:13:29

Health: -3/41      AC:  4    Str:  5    XL:     8   Next: 30%
Magic:  7/16       EV: 13    Int: 23    God:
Gold:   157        SH:  0    Dex: 15    Spells: 2/15 levels left

rFire    . . .     SeeInvis .   x - +0 long sword
rCold    . . .     Gourm    .   (no shield)
rNeg     . . .     Faith    .   a - +0 robe
rPois    .         Spirit   .   (no helmet)
rElec    .         Reflect  .   (no cloak)
rCorr    .         Harm     .   d - +1 pair of gloves
MR       .....                  (no boots)
Stlth    ++........             (no amulet)
Regen    0.2/turn               (no ring)
MPRegen  0.2/turn               (no ring)

@: no status effects
A: no striking features
a: no special abilities


You were on level 5 of the Dungeon.
You were hungry.

You visited 1 branch of the dungeon, and saw 5 of its levels.
You also visited: Sewer.

You collected 157 gold pieces.

Inventory:

Hand Weapons
 i - a +0 dagger
 x - a +0 long sword (weapon)
Missiles
 l - 137 stones (quivered)
 u - a throwing net
Armour
 a - a +0 robe (worn)
 d - a +1 pair of gloves (worn)
Jewellery
 z - an uncursed ring of protection from fire {unknown}
Scrolls
 e - 4 scrolls of recharging {unknown}
 h - a scroll of enchant armour {unknown}
 k - a scroll of amnesia {unknown}
 m - 4 scrolls of remove curse {unknown}
 n - 2 scrolls of teleportation {unknown}
 q - 2 scrolls of fear {unknown}
 t - 4 scrolls of identify {unknown}
Potions
 g - 5 potions of curing {unknown}
 j - a potion of heal wounds {unknown}
 o - a potion of ambrosia {unknown}
 p - 2 potions of degeneration {unknown}
 r - 2 potions of brilliance {unknown}
 s - 2 potions of might {unknown}
 w - a potion of lignification {unknown}
Books
 b - a book of Flames

   Spells                             Type                      Level
   a - Flame Tongue                   Conjuration/Fire             1
   b - Throw Flame                    Conjuration/Fire             2
   c - Conjure Flame                  Conjuration/Fire             3
   d - Inner Flame                    Hexes/Fire                   3
   e - Sticky Flame                   Conjuration/Fire             4
   f - Fireball                       Conjuration/Fire             5
 y - a book of Minor Magic

   Spells                             Type                      Level
   a - Magic Dart                     Conjuration                  1
   b - Blink                          Translocation                2
   c - Call Imp                       Summoning                    2
   d - Slow                           Hexes                        2
   e - Conjure Flame                  Conjuration/Fire             3
   f - Mephitic Cloud                 Conjuration/Poison/Air       3
 A - a book of Cantrips

   Spells                             Type                      Level
   a - Confusing Touch                Hexes                        1
   b - Animate Skeleton               Necromancy                   1
   c - Summon Small Mammal            Summoning                    1
   d - Apportation                    Translocation                1
Comestibles
 c - 2 bread rations
 f - 6 meat rations
 v - 2 royal jellies


   Skills:
 - Level 2.4 Dodging
 - Level 2.4 Stealth
 * Level 4.4 Spellcasting
 + Level 7.9 Conjurations
 + Level 7.9 Fire Magic


You had 2 spell levels left.
You knew the following spells:

 Your Spells              Type           Power        Failure   Level  Hunger
a - Flame Tongue          Conj/Fire      #####        1%          1    None
b - Conjure Flame         Conj/Fire      #####...     1%          3    ##.....
c - Inner Flame           Hex/Fire       ###.....     8%          3    ##.....
d - Sticky Flame          Conj/Fire      #####...     4%          4    ####...
e - Blink                 Tloc           N/A          17%         2    None


Dungeon Overview and Level Annotations

Branches:
Dungeon (5/15)
 Temple: D:4-7

Altars:
Elyvilon
Ru
Xom

Annotations:
D:5 Ijyb


Message History

Confirm with . or Enter, or press ? or * to list all spells.
Aiming: Flame Tongue
Press: ? - help, Shift-Dir - straight line, f/p - ice beast
Aim: an ice beast (moderately wounded, inner flame)
The flame tongue hits the ice beast.
The ice beast melts!
The ice beast is heavily wounded.
Casting: Flame Tongue
Confirm with . or Enter, or press ? or * to list all spells.
Aiming: Flame Tongue
Press: ? - help, Shift-Dir - straight line, f/p - ice beast
Aim: an ice beast (heavily wounded, inner flame)
The flame tongue misses the ice beast.
Casting: Flame Tongue
Confirm with . or Enter, or press ? or * to list all spells.
Aiming: Flame Tongue
Press: ? - help, Shift-Dir - straight line, f/p - ice beast
Aim: an ice beast (heavily wounded, inner flame)
The flame tongue misses the ice beast.
Ijyb zaps a wand.
You are blasted!
Ouch! That really hurt!
You die...

####### #.....#
##########.....###
#@.............'..
#ยง########.....###
#..g..gY..# #.....#.#
#.........# #.....'..
#.........# ####.....#.#
##........###........#..
######..........###.#.#
...........# #.#.#
#######....# #.#.#


You could see an ice beast (inner flame) and Ijyb.

Vanquished Creatures
  Grinder (D:3)
  6 big kobolds
  Blork the orc (D:5)
  A scorpion (D:3)
  2 orc priests (D:4)
  A bullfrog skeleton (D:4)
  Terence (D:3)
  5 orc wizards (D:5)
  4 worker ants
  A hound skeleton (D:5)
  A howler monkey skeleton (D:5)
  5 adders
  4 river rats
  2 oozes
  4 worms
  A dart slug (D:2)
  9 leopard geckos
  10 orcs
  2 giant cockroaches
  10 goblins
  A hobgoblin (D:3)
  6 jackals (D:3)
  2 quokkas
  5 ball pythons
  6 bats
  A frilled lizard (D:1)
  15 kobolds
  13 rats
  A bush (D:4)
  2 plants (D:4)
123 creatures vanquished.

Notes
Turn   | Place    | Note
-------+----------+-------------------------------------------
     0 | D:1      | tarabluh the Deep Elf Fire Elementalist began the quest for the Orb.
     0 | D:1      | Reached XP level 1. HP: 10/10 MP: 6/6
   343 | D:1      | Reached XP level 2. HP: 15/15 MP: 4/8
   743 | D:2      | Found a shimmering altar of Xom.
   743 | D:2      | Found a sacrificial altar of Ru.
   947 | D:2      | Reached XP level 3. HP: 19/19 MP: 5/9
   978 | D:2      | Learned a level 3 spell: Conjure Flame
   982 | D:2      | Learned a level 3 spell: Inner Flame
  1425 | D:3      | Noticed Terence
  1451 | D:3      | Noticed a scorpion
  1624 | D:3      | Reached XP level 4. HP: 22/24 MP: 6/10
  1638 | D:3      | Found a glowing drain.
  1642 | Sewer    | Entered a sewer
  1661 | Sewer    | Noticed a big kobold
  1690 | Sewer    | Killed a big kobold
  1690 | Sewer    | Reached XP level 5. HP: 20/28 MP: 1/11
  2038 | Sewer    | Reached skill level 5 in Conjurations
  2041 | Sewer    | Reached skill level 5 in Fire Magic
  2041 | Sewer    | Reached XP level 6. HP: 32/32 MP: 7/12
  2692 | D:3      | Killed Terence
  2692 | D:3      | Reached XP level 7. HP: 32/36 MP: 4/13
  2775 | D:3      | Learned a level 4 spell: Sticky Flame
  2940 | D:3      | Noticed Grinder
  3363 | D:3      | Killed Grinder
  3899 | D:4      | Found a white marble altar of Elyvilon.
  4622 | D:5      | Entered Level 5 of the Dungeon
  4622 | D:5      | Noticed Blork the orc
  4670 | D:5      | Killed Blork the orc
  4670 | D:5      | Reached XP level 8. HP: 20/41 MP: 0/14
  4851 | D:5      | Learned a level 2 spell: Blink
  5815 | D:5      | Noticed Ijyb
  5824 | D:5      | Blown up by Ijyb

Vault maps used:
D:1:      dpeg_arrival_stonehenge_8_columns
D:2:      chequers_temple_overflow_statue_of_worship, first_bread
D:3:      gup_sewer_entry_bowl, uniq_grinder, uniq_terence
D:4:      kennysheep_mini, lexackson_kobold_supper
D:5:      minmay_diamond_boxcup, uniq_blork_the_orc, uniq_eustachio, uniq_iyjb
Sewer:    sewer_co_tree

Skill      XL: |  1  2  3  4  5  6  7  8 |
---------------+-------------------------+-----
Conjurations   | 2 3 4 5 6 7 |  7.9
Fire Magic     | 4 5 7 |  7.9
Spellcasting   | 4 |  4.4
Dodging        | |  2.4
Stealth        | |  2.4

Action                   |  1- 3 |  4- 6 |  7- 9 || total
-------------------------+-------+-------+-------++-------
Melee: Unarmed           |     2 |       |       ||     2
       Dagger            |     2 |     6 |    20 ||    28
       Long sword        |       |       |    72 ||    72
Throw: Stone             |     4 |     2 |     3 ||     9
 Cast: Flame Tongue      |    76 |    52 |    70 ||   198
       Conjure Flame     |       |     5 |    12 ||    17
       Sticky Flame      |       |       |     4 ||     4
       Inner Flame       |       |       |     5 ||     5
 Stab: Sleeping          |     2 |       |       ||     2
  Eat: Chunk             |     1 |     5 |     7 ||    13
       Bread ration      |       |       |     1 ||     1
Armor: Robe              |    10 |     5 |    13 ||    28
Dodge: Dodged            |    30 |    29 |    57 ||   116
       Rpst.: Long sword |       |       |    11 ||    11
